 Dungeon Crawl Stone Soup version 0.30-a0-122-g2a1322497e (webtiles) character file.

Game seed: 8110231631954347943

3735 Querens the Thaumaturge (level 9, -1/45 HPs)
             Began as a Deep Elf Conjurer on Sept 16, 2022.
             Was a Follower of Vehumet.
             Killed from afar by an acid dragon (30 damage)
             ... with a splash of acid
             ... on level 8 of the Dungeon.
             The game lasted 00:21:00 (4422 turns).

Querens the Thaumaturge (Deep Elf Conjurer)         Turns: 4422, Time: 00:21:00

Health: -1/45      AC:  9    Str: 10    XL:     9   Next: 92%
Magic:  10/26      EV: 12    Int: 28    God:    Vehumet [*.....]
Gold:   473        SH:  0    Dex: 13    Spells: 20/31 levels left

rFire   . . .      SeeInvis +    p - +1 spear (venom)
rCold   + . .      Faith    .    (no shield)
rNeg    + . .      Spirit   .    x - +2 robe {Will+}
rPois   +          Reflect  .    K - +0 helmet
rElec   .          Harm     .    w - +0 cloak {rPois}
rCorr   .          Rampage  .    h - +0 pair of gloves
Will    ++...                    u - +1 pair of boots of Indomitability {rC+ rN+ Will+}
Stlth   ++........               a - amulet of the acrobat
HPRegen 0.15/turn                d - +6 ring of strength
MPRegen 0.20/turn                C - ring of see invisible

@: no status effects
A: no striking features
a: Renounce Religion


You were on level 8 of the Dungeon.
You worshipped Vehumet.
Vehumet was aware of your devotion.
You visited 2 branches of the dungeon, and saw 9 of its levels.

You collected 473 gold pieces.

Inventory:

Hand Weapons
 p - a +1 spear of venom (weapon)
Missiles
 E - a throwing net
 N - 2 curare-tipped darts
Armour
 h - a +0 pair of gloves (worn)
 u - the +1 pair of boots of Indomitability (worn) {rC+ rN+ Will+}
   (You found it on level 2 of the Dungeon)

   rC:        It protects you from cold.
   rN:        It protects you from negative energy.
   Will:      It increases your willpower.
 w - a +0 cloak of poison resistance (worn)
 x - a +2 robe of willpower (worn)
 y - +0 acid dragon scales
 K - a +0 helmet (worn)
 O - a +0 buckler
Jewellery
 a - an amulet of the acrobat (around neck)
 d - a +6 ring of strength (left hand)
 C - a ring of see invisible (right hand)
 I - a ring of ice
 P - a ring of flight
Wands
 B - a wand of roots (1)
 F - a wand of flame (51)
Scrolls
 e - 5 scrolls of identify {unknown}
 f - 5 scrolls of teleportation {unknown}
 g - a scroll of fear {unknown}
 i - 3 scrolls of vulnerability {unknown}
 j - a scroll of amnesia {unknown}
 k - a scroll of enchant weapon {unknown}
 r - 5 scrolls of magic mapping {unknown}
 t - a scroll of noise {unknown}
 v - a scroll of poison {unknown}
 A - a scroll of summoning {unknown}
 H - 3 scrolls of immolation {unknown}
 J - a scroll of silence {unknown}
Potions
 b - a potion of magic
 c - 3 potions of might {unknown}
 l - 2 potions of degeneration {unknown}
 m - 2 potions of haste {unknown}
 n - 2 potions of invisibility {unknown}
 o - 9 potions of curing {unknown}
 q - 4 potions of brilliance {unknown}
 s - a potion of cancellation {unknown}
 z - a potion of experience {unknown}
 D - a potion of flight {unknown}
 G - 2 potions of lignification {unknown}
 L - a potion of heal wounds {unknown}
 M - a potion of mutation {unknown}


   Skills:
 - Level 2.4 Dodging
 - Level 2.4 Stealth
 + Level 11.7 Spellcasting
 + Level 10.5 Conjurations
 + Level 7.9 Translocations


You had 20 spell levels left.
You knew the following spells:

 Your Spells              Type           Power      Damage    Failure   Level
a - Magic Dart            Conj           100%       1d8       1%          1
b - Searing Ray           Conj           100%       2d8       1%          2
c - Iskenderun's Mystic   Conj/Tloc      61%        2d13      1%          4
d - Fulminant Prism       Conj/Hex       22%        3d13      3%          4

Your spell library contained the following spells:

 Spells                   Type           Power      Damage    Failure   Level
 Foxfire                  Conj/Fire      100%       2x1d9     1%          1
 Dazzling Flash           Conj/Hex       90%        N/A       1%          3
 Mephitic Cloud           Conj/Pois/Air  35%        N/A       2%          3
 Ignite Poison            Fire/Tmut/Pois 16%        N/A       10%         3
 Lightning Bolt           Conj/Air       22%        1d38      11%         5
 Freezing Cloud           Conj/Ice/Air   17%        6-21      22%         5
 Airstrike                Air            8%         2d(2-18)  32%         4
 Summon Lightning Spire   Summ/Air       16%        N/A       32%         4


Dungeon Overview and Level Annotations

Branches:
Dungeon (8/15)             Temple (1/1) D:7
   Lair: D:8-11

Altars:
Ashenzari
Cheibriados
Dithmenos
Elyvilon
Gozag
Hepliaklqana
Kikubaaqudgha
Nemelex Xobeh
Ru
Sif Muna
Trog
Uskayaw
Vehumet
Wu Jian
Zin
The Shining One

Shops:
D:8 :

Annotations:
D:5 2 transporters, Decritt's ghost, novice GrFi


Message History

The ball of steam hits you!
Things that are here:
a +0 dagger; a +0 robe The steam dragon breathes steam at you.
The ball of steam misses you.
Casting: Iskenderun's Mystic Blast (dangerous; 1% risk of failure)
Confirm with . or Enter, or press ? or * to list all spells.
You erupt in a blast of force!
The mystic blast hits the steam dragon!
You kill the steam dragon!
Vehumet accepts your kill.
You feel your power returning.
You are engulfed in a cloud of scalding steam.
Unknown command.
P - a ring of flight
There is a fountain of clear blue water here.
There is an entrance to Zunuuffu's Vocational Training here.
You can access your shopping list by pressing '$'.
Unknown command.
An acid dragon comes into view.
The acid dragon roars!
Aiming: Fastroot
Press: ? - help, Shift-Dir - straight line, f - acid dragon
Aim: an acid dragon The roots erupt in riotous growth!
Roots grab the acid dragon.
The grasping roots constrict the acid dragon.
The acid dragon struggles to escape constriction.
Unknown command.
Casting: Iskenderun's Mystic Blast (dangerous; 1% risk of failure)
Confirm with . or Enter, or press ? or * to list all spells.
Aiming: Fulminant Prism (dangerous; 3% risk of failure)
Press: ? - help, Dir - move target, p - acid dragon You conjure a prism of explosive energy!
A fulminant prism comes into view.
The grasping roots constrict the acid dragon.
The roots release their grip on the acid dragon.
The acid dragon spits acid at you. The splash of acid hits you!!
Ouch! That really hurt!
You die...

..# ##.###. #. #.# #....# ###.#
#.# #.#.## ...# #.#######....#
#..# #......<...).. #.# #..#
#####..#######.... #.# #..#
#......# ##))⌠ #.#
####..####.###.## #... ##.##
#.....D...@#...# #).. ....#
#.##...*.......# #...
##..###.......(......# #..⌠
##.........########.##########...
........#### #............##
######### ############## #


You could see an acid dragon (catching breath, ally target) and a friendly
fulminant prism.

Vanquished Creatures
  Joseph (D:7)
  Maggie (D:7)
  Sigmund (D:2)
  6 yaks (D:8)
  A steam dragon (D:8)
  An orc warrior (D:7)
  A sky beast (D:7)
  2 black bears
  A centaur (D:6)
  2 bullfrogs (D:7)
  2 kobold brigands
  A gnoll sergeant (D:6)
  4 scorpions
  A howler monkey (D:7)
  2 vampire bats (D:7)
  Crazy Yiuf (D:2)
  2 orc priests
  5 hounds
  A jelly (D:7)
  A gnoll bouda (D:4)
  4 iguanas
  Jessica (D:3)
  Terence (D:2)
  3 orc wizards (D:8)
  13 gnolls
  10 adders
  A white imp (D:6)
  An ufetubus (D:6)
  2 worms
  8 dart slugs (D:3)
  21 orcs
  3 bats
  A bat skeleton (D:7)
  5 bat zombies (D:7)
  8 endoplasms
  2 giant cockroaches (D:1)
  6 goblins
  4 hobgoblins
  17 kobolds
  3 quokkas
  8 ball pythons
  4 frilled lizards
  3 rats
166 creatures vanquished.

Vanquished Creatures (others)
  A fulminant prism (D:7)
  2 plants (D:1)
  A withered plant (D:1)
4 creatures vanquished.

Grand Total: 170 creatures vanquished

Notes
Turn   | Place    | Note
-------+----------+-------------------------------------------
     0 | D:1      | Querens the Deep Elf Conjurer began the quest for the Orb.
     0 | D:1      | Reached XP level 1. HP: 10/10 MP: 6/6
   102 | D:1      | Found a faded altar of an unknown god.
   198 | D:1      | Reached XP level 2. HP: 15/15 MP: 3/8
   610 | D:2      | Learned a level 2 spell: Searing Ray
   642 | D:2      | You fall into a shaft and drop 1 floor!
   659 | D:3      | Reached skill level 4 in Spellcasting
   694 | D:3      | Reached skill level 5 in Conjurations
   694 | D:3      | Reached XP level 3. HP: 19/19 MP: 7/10
   798 | D:2      | Identified the +1 pair of boots of Indomitability {rC+ rN+
                  | Will+}
   809 | D:2      | Noticed Sigmund
  1108 | D:2      | Found a runed translucent door.
  1109 | D:2      | Noticed Crazy Yiuf
  1116 | D:2      | Killed Crazy Yiuf
  1117 | D:2      | Reached XP level 4. HP: 24/24 MP: 6/12
  1301 | D:2      | Noticed Terence
  1308 | D:2      | Killed Terence
  1309 | D:2      | Reached skill level 5 in Spellcasting
  1529 | D:3      | Noticed Jessica
  1531 | D:3      | Killed Jessica
  1532 | D:3      | Reached XP level 5. HP: 20/28 MP: 12/15
  1620 | D:2      | Killed Sigmund
  1621 | D:2      | Reached skill level 6 in Spellcasting
  1621 | D:2      | Reached XP level 6. HP: 25/32 MP: 7/17
  1848 | D:3      | Learned a level 4 spell: Iskenderun's Mystic Blast
  1853 | D:3      | Learned a level 4 spell: Fulminant Prism
  2055 | D:4      | Reached skill level 7 in Spellcasting
  2055 | D:4      | Reached skill level 1 in Translocations
  2122 | D:4      | Reached XP level 7. HP: 36/36 MP: 13/19
  2529 | D:5      | Entered Level 5 of the Dungeon
  2627 | D:5      | Found a transporter.
  2633 | D:5      | Noticed Decritt's ghost (novice GrFi)
  2651 | D:5      | Found a transporter.
  2669 | D:5      | Reached skill level 8 in Spellcasting
  2907 | D:5      | Reached XP level 8. HP: 41/41 MP: 11/22
  3218 | D:6      | Reached skill level 9 in Spellcasting
  3405 | D:7      | Reached skill level 5 in Translocations
  3472 | D:7      | Found an ancient bone altar of Kikubaaqudgha.
  3724 | D:7      | Found a staircase to the Ecumenical Temple.
  3733 | Temple   | Entered the Ecumenical Temple
  3746 | Temple   | Became a worshipper of Vehumet
  3854 | D:7      | Noticed Joseph
  3871 | D:7      | Killed Joseph
  3872 | D:7      | Reached skill level 10 in Spellcasting
  3872 | D:7      | Reached XP level 9. HP: 19/45 MP: 4/25
  3926 | D:7      | Noticed Maggie
  4005 | D:7      | Killed Maggie
  4089 | D:8      | Found an ornate altar of the Wu Jian Council.
  4114 | D:8      | Found an opulent altar of Gozag.
  4264 | D:8      | Reached * piety under Vehumet
  4264 | D:8      | Offered knowledge of Foxfire by Vehumet.
  4265 | D:8      | Reached skill level 11 in Spellcasting
  4265 | D:8      | Reached skill level 10 in Conjurations
  4384 | D:8      | Found Zunuuffu's Vocational Training.
  4422 | D:8      | Killed from afar by an acid dragon

Illustrated notes

Levels and vault maps discovered:
D:1:      psy_arrival_basics, layout_loops_ring,
          ebering_ecumenical_altar_petrified, chequers_big_river, minivault_14
D:2:      layout_loops_corners, uniq_crazy_yiuf_cottage, uniq_sigmund,
          uniq_terence
D:3:      kennysheep_slugbush, layout_loops_ring, uniq_jessica
D:4:      wad_pebble_path, layout_basic, grunt_ministairs_9
D:5:      layout_loops_ring, gammafunk_ghost_stat_death
D:6:      layout_cave_pools, minmay_misc_feat_tiny
D:7:      layout_cave_pods, kennysheep_vampire_church,
          minmay_temple_entry_crystal_x, minmay_between, uniq_joseph,
          uniq_maggie
D:8:      layout_loops_ring, nicolae_gozag_cash_rules_everything_around_me,
          lemuel_crystal_altar, nicolae_shop_vocational
Temple:   nicolae_temple_ecumenical_triangle

Skill      XL: |  1  2  3  4  5  6  7  8  9 |
---------------+----------------------------+-----
Spellcasting   | 4 5 6 7 8 10 11 | 11.7
Conjurations   | 5 6 7 9 10 | 10.5
Translocations | 1 3 6 7 |  7.9
Dodging        | |  2.4
Stealth        | |  2.4

Action                   |  1- 3 |  4- 6 |  7- 9 || total
-------------------------+-------+-------+-------++-------
Melee: Unarmed           |     2 |       |       ||     2
       Spear             |    19 |    55 |    75 ||   149
 Cast: Magic Dart        |    31 |     2 |     2 ||    35
       Searing Ray       |     4 |    12 |    40 ||    56
       Iskenderun's Myst |       |       |    23 ||    23
       Fulminant Prism   |       |       |     2 ||     2
Evoke: Wand              |       |       |    10 ||    10
 Stab: Sleeping          |     2 |     5 |     4 ||    11
Armor: Robe              |     3 |    15 |    41 ||    59
Dodge: Dodged            |     5 |    24 |   106 ||   135

Table legend: (Time is in decaauts)
 A = Elapsed time spent in this place.
 B = Non-inter-level travel time spent in this place.
 C = Inter-level travel time spent in this place.
 D = Time resting spent in this place.
 E = Time spent auto-exploring this place.
 F = Levels seen in this place.
 G = Mean time per level.
                   A        B        C        D        E       F      G
               +--------+--------+--------+--------+--------+-----+--------+
         Total |   4459 |   3928 |    531 |      0 |      0 |   9 |  495.4 |
       Dungeon |   4436 |   3913 |    523 |      0 |      0 |   8 |  554.5 |
        Temple |     22 |     14 |      8 |      0 |      0 |   1 |   22.0 |
               +--------+--------+--------+--------+--------+-----+--------+

Top non-repeatable levels by time:
     D:3: 750 daAuts
     D:2: 707 daAuts
     D:7: 616 daAuts
     D:1: 591 daAuts
     D:4: 511 daAuts
     D:5: 490 daAuts
     D:8: 406 daAuts
     D:6: 362 daAuts
  Temple: 22 daAuts
